 Dungeon Crawl Stone Soup version 0.30-a0-330-g8f2769a82d (webtiles) character file.

Game seed: 7013465861830217147

6626 bloopermario the Blocker (level 11, -1/89 HPs)
             Began as a Gnoll Fighter on Oct 29, 2022.
             Slain by Jorgrun
             ... wielding a +0 vorpal quarterstaff
              (2 damage)
             ... on level 1 of the Orcish Mines.
             The game lasted 00:59:12 (6056 turns).

bloopermario the Blocker (Gnoll Fighter)            Turns: 6056, Time: 00:59:13

Health: -1/89      AC: 19    Str: 18    XL:     11   Next: 2%
Magic:  0/20       EV: 10    Int:  7    God:
Gold:   370        SH:  0    Dex: 14    Spells: 22/22 levels left

rFire   + . .      SeeInvis +    H - +10 spear of Causality {vorpal, rF+ Will- rCorr SInv}
rCold   . . .      Faith    .    o - +2 buckler
rNeg    . . .      Spirit   +    L - +0 chain mail
rPois   .          Reflect  .    Q - +0 helmet
rElec   .          Harm     .    N - +1 cloak
rCorr   +          Rampage  .    (no gloves)
Will    .....                    (no boots)
Stlth   ..........               C - amulet of guardian spirit
HPRegen 0.34/turn                K - +4 ring of protection
MPRegen 0.17/turn                p - +4 ring of evasion

@: confused, grasped by roots, constricted
A: fangs 1, strong nose, distributed training
a: no special abilities


You were on level 1 of the Orcish Mines.
You visited 2 branches of the dungeon, and saw 10 of its levels.
You also visited: Sewer.

You collected 370 gold pieces.

Inventory:

Hand Weapons
 d - a +6 flail of flaming
 H - the +10 spear of Causality (weapon) {vorpal, rF+ Will- rCorr SInv}
   (You found it on level 3 of the Dungeon)

   It inflicts extra damage upon your enemies.
   rF:        It protects you from fire.
   SInv:      It lets you see invisible.
   rCorr:     It protects you from acid and corrosion.
   Will:      It decreases your willpower.
 T - a +0 arbalest
 Y - a +1 short sword of protection
 Z - a +0 battleaxe
Missiles
 e - 68 stones (quivered)
 g - 2 throwing nets
 i - 3 curare-tipped darts
 w - 6 atropa-tipped darts
 x - 8 boomerangs
 y - 22 poisoned darts
Armour
 o - a +2 buckler (worn)
 L - a +0 chain mail (worn)
 N - a +1 cloak (worn)
 Q - a +0 helmet (worn)
Jewellery
 b - a +4 ring of slaying
 f - an amulet of reflection
 p - a +4 ring of evasion (right hand)
 C - an amulet of guardian spirit (around neck)
 K - a +4 ring of protection (left hand)
Wands
 m - a wand of roots (2)
 G - a wand of flame (18)
Scrolls
 a - 2 scrolls of identify
 j - a scroll of magic mapping
 l - a scroll of summoning
 r - a scroll of amnesia {unknown}
 A - 2 scrolls of teleportation
 B - a scroll of poison
 S - a scroll of torment
Potions
 h - 2 potions of curing
 q - a potion of berserk rage
 t - a potion of ambrosia
 z - a potion of attraction
 D - a potion of cancellation
 F - a potion of degeneration
Miscellaneous
 c - a phial of floods
 k - a lightning rod (3/4)
 n - a lightning rod (3/4)


   Skills:
 + Level 9.0 Fighting
 + Level 6.0 Short Blades
 + Level 6.0 Long Blades
 + Level 6.0 Axes
 + Level 7.7 Maces & Flails
 + Level 6.0 Polearms
 + Level 6.0 Staves
 + Level 6.0 Ranged Weapons
 + Level 6.0 Throwing
 + Level 9.0 Armour
 + Level 6.0 Dodging
 + Level 6.0 Stealth
 + Level 9.0 Shields
 + Level 6.0 Unarmed Combat
 + Level 6.0 Spellcasting
 + Level 5.0 Conjurations
 + Level 5.0 Hexes
 + Level 5.0 Summonings
 + Level 5.0 Necromancy
 + Level 5.0 Translocations
 + Level 5.0 Transmutations
 + Level 5.0 Fire Magic
 + Level 5.0 Ice Magic
 + Level 5.0 Air Magic
 + Level 5.0 Earth Magic
 + Level 5.0 Poison Magic
 + Level 6.6 Invocations
 + Level 6.0 Evocations


You had 22 spell levels left.
You didn't know any spells.
Your spell library contained the following spells:

 Spells                   Type           Power      Damage    Failure   Level
 Sting                    Tmut/Pois      36%        1d4       36%         1
 Cigotuvi's Dreadful Rot  Necr/Pois/Air  18%        N/A       50%         2
 Poisonous Vapours        Pois/Air       18%        N/A       50%         2
 Dispel Undead            Necr           9%         3d8       98%         4
 Olgreb's Toxic Radiance  Pois           9%         N/A       98%         4
 Death Channel            Necr           4%         N/A       100%        6


Dungeon Overview and Level Annotations

Branches:
Dungeon (9/15)             Temple (0/1) D:4             Orc (1/2) D:9
  Sewer (visited)
   Lair: D:8-11

Altars:
Okawaru
Ru
Wu Jian

Shops:
D:8 [

Annotations:
Orc:1 Jorgrun


Innate Abilities, Weirdness & Mutations

You have very sharp teeth.
Your uncanny sense of smell can sniff out nearby items.
Your experience applies equally to all skills.


Message History

* * * LOW HITPOINT WARNING * * *
Jorgrun points at you and mumbles some strange words.
The grasping roots constrict you.
You turn to flesh and can move again.
You escape the roots grasp.
The orc attacks as you move away! The orc closely misses you.
The orc wizard gestures at you while chanting.
You are confused.
The orc warrior hits you with a +0 scimitar.
* * * LOW HITPOINT WARNING * * *
You're too confused to move!
The orc misses you. The orc warrior barely misses you.
Jorgrun gestures next to you while chanting.
The wall shatters!
The blast of rock fragments hits you!!
* * * LOW HITPOINT WARNING * * *
You bump into the rock wall.
The orc wizard closely misses you. The orc hits you but does no damage.
Jorgrun says, "A few more walls knocked out 'ere an' thar an' 'tis whole place will come crashin' down."
You puncture Jorgrun! Your bite misses Jorgrun.
Jorgrun is moderately wounded.
The orc wizard hits you but does no damage.
The orc barely misses you. The orc warrior closely misses you.
Jorgrun barely misses you.
You bump into the rock wall.
The orc wizard points at you and mumbles some strange words.
The magic dart hits you but does no damage.
The orc barely misses you.
The orc warrior hits you but does no damage.
Jorgrun gestures at you while chanting.
Roots burst forth from the earth!
The grasping roots grab you! The grasping roots constrict you.
* * * LOW HITPOINT WARNING * * *
Unknown command.
You miss the orc warrior.
The orc wizard hits you but does no damage.
The orc misses you. The orc warrior barely misses you.
Jorgrun hits you with a +0 vorpal quarterstaff.
* * * LOW HITPOINT WARNING * * *
You die...

##.
##.......$.....
#
##............
##..........#
#.........#
##.....#...#
#.......#.#
##....oo#
##..og##
##oo@o# #.#.##
#.### ###


You could see Jorgrun, 2 orc warriors, an orc wizard and 3 orcs.

Vanquished Creatures
  A boulder beetle (D:8)
  A two-headed ogre (D:8)
  A manticore (D:7)
  A komodo dragon (D:8)
  A hornet (D:8)
  6 steam dragons
  4 vampire mosquitoes (D:8)
  Edmund (D:5)
  3 water moccasins
  3 orc warriors
  An ice beast (D:8)
  An ogre (D:5)
  2 black bears
  4 centaurs
  6 kobold brigands
  A bullfrog (D:7)
  A necrophage (D:5)
  A gnoll sergeant (D:8)
  2 scorpions (D:5)
  A wight (D:8)
  4 killer bees (D:9)
  5 howler monkeys
  A lava snake (D:7)
  3 jellies
  2 gnoll boudas
  An orc priest (D:8)
  2 hounds
  3 iguanas (D:5)
  6 orc wizards
  8 adders
  14 gnolls
  A river rat (Sewer)
  A shadow imp (D:7)
  5 worms
  2 dart slugs
  17 orcs
  8 ball pythons
  3 endoplasms
  8 hobgoblins
  3 jackals (D:5)
  14 kobolds
  3 quokkas
  4 bats
  6 frilled lizards
  6 goblins
  5 rats
177 creatures vanquished.

Vanquished Creatures (others)
  An orc wizard (D:8)
  16 fungi (D:3)
17 creatures vanquished.

Grand Total: 194 creatures vanquished

Notes
Turn   | Place    | Note
-------+----------+-------------------------------------------
     0 | D:1      | bloopermario the Gnoll Fighter began the quest for the Orb.
     0 | D:1      | Reached XP level 1. HP: 23/23 MP: 1/1
   117 | D:1      | Reached XP level 2. HP: 26/29 MP: 2/2
   424 | D:1      | Reached XP level 3. HP: 34/35 MP: 3/3
   768 | D:2      | Reached skill level 1 in Invocations
  1164 | D:3      | Reached skill level 1 in Short Blades
  1164 | D:3      | Reached skill level 1 in Long Blades
  1164 | D:3      | Reached skill level 1 in Axes
  1164 | D:3      | Reached skill level 1 in Polearms
  1164 | D:3      | Reached skill level 1 in Staves
  1164 | D:3      | Reached skill level 1 in Ranged Weapons
  1164 | D:3      | Reached skill level 1 in Throwing
  1164 | D:3      | Reached skill level 1 in Dodging
  1164 | D:3      | Reached skill level 1 in Stealth
  1164 | D:3      | Reached skill level 1 in Unarmed Combat
  1164 | D:3      | Reached skill level 1 in Spellcasting
  1164 | D:3      | Reached skill level 1 in Evocations
  1179 | D:3      | Identified the +10 spear of Causality {vorpal, rF+ Will-
                  | rCorr SInv}
  1209 | D:3      | Reached XP level 4. HP: 33/41 MP: 5/5
  1669 | D:4      | Found a staircase to the Ecumenical Temple.
  1732 | D:5      | Entered Level 5 of the Dungeon
  1796 | D:5      | Reached skill level 1 in Conjurations
  1796 | D:5      | Reached skill level 1 in Hexes
  1796 | D:5      | Reached skill level 1 in Summonings
  1796 | D:5      | Reached skill level 1 in Necromancy
  1796 | D:5      | Reached skill level 1 in Translocations
  1796 | D:5      | Reached skill level 1 in Transmutations
  1796 | D:5      | Reached skill level 1 in Fire Magic
  1796 | D:5      | Reached skill level 1 in Ice Magic
  1796 | D:5      | Reached skill level 1 in Air Magic
  1796 | D:5      | Reached skill level 1 in Earth Magic
  1796 | D:5      | Reached skill level 1 in Poison Magic
  1807 | D:5      | Reached XP level 5. HP: 34/47 MP: 2/7
  1860 | D:5      | Noticed a water moccasin
  1867 | D:5      | Killed a water moccasin
  1868 | D:5      | Reached skill level 5 in Maces & Flails
  1868 | D:5      | Reached XP level 6. HP: 43/53 MP: 6/9
  1935 | D:5      | Noticed Edmund
  1947 | D:5      | Killed Edmund
  1948 | D:5      | Reached XP level 7. HP: 25/60 MP: 5/10
  2186 | D:5      | Found a glowing drain.
  2211 | Sewer    | Entered a sewer
  2614 | D:5      | Reached XP level 8. HP: 61/67 MP: 10/12
  2705 | D:5      | Found an ornate altar of the Wu Jian Council.
  3613 | D:7      | Noticed a manticore
  3624 | D:7      | Killed a manticore
  3625 | D:7      | Reached XP level 9. HP: 47/74 MP: 9/15
  4073 | D:8      | Reached skill level 5 in Invocations
  4126 | D:8      | Noticed a komodo dragon
  4150 | D:8      | Noticed a boulder beetle
  4162 | D:8      | Killed a komodo dragon
  4255 | D:8      | Killed a boulder beetle
  4256 | D:8      | Reached skill level 5 in Short Blades
  4256 | D:8      | Reached skill level 5 in Long Blades
  4256 | D:8      | Reached skill level 5 in Axes
  4256 | D:8      | Reached skill level 5 in Polearms
  4256 | D:8      | Reached skill level 5 in Staves
  4256 | D:8      | Reached skill level 5 in Ranged Weapons
  4256 | D:8      | Reached skill level 5 in Throwing
  4256 | D:8      | Reached skill level 5 in Dodging
  4256 | D:8      | Reached skill level 5 in Stealth
  4256 | D:8      | Reached skill level 5 in Unarmed Combat
  4256 | D:8      | Reached skill level 5 in Spellcasting
  4256 | D:8      | Reached skill level 5 in Evocations
  4256 | D:8      | Reached XP level 10. HP: 49/82 MP: 7/17
  4266 | D:8      | Found a sacrificial altar of Ru.
  4266 | D:8      | Noticed a two-headed ogre
  4469 | D:8      | Found Bimmog's Armour Shop.
  4604 | D:8      | Noticed a two-headed ogre
  4640 | D:8      | Killed a two-headed ogre
  4646 | D:8      | HP: 2/82 [two-headed ogre/+0 giant club (4)]
  5301 | D:8      | Paralysed by a hornet for 3 turns
  5830 | D:9      | Reached skill level 5 in Conjurations
  5830 | D:9      | Reached skill level 5 in Hexes
  5830 | D:9      | Reached skill level 5 in Summonings
  5830 | D:9      | Reached skill level 5 in Necromancy
  5830 | D:9      | Reached skill level 5 in Translocations
  5830 | D:9      | Reached skill level 5 in Transmutations
  5830 | D:9      | Reached skill level 5 in Fire Magic
  5830 | D:9      | Reached skill level 5 in Ice Magic
  5830 | D:9      | Reached skill level 5 in Air Magic
  5830 | D:9      | Reached skill level 5 in Earth Magic
  5830 | D:9      | Reached skill level 5 in Poison Magic
  5830 | D:9      | Reached XP level 11. HP: 84/89 MP: 17/20
  5917 | D:9      | Found an iron altar of Okawaru.
  6001 | D:9      | Found a staircase to the Orcish Mines.
  6008 | Orc:1    | Entered Level 1 of the Orcish Mines
  6016 | Orc:1    | Noticed Jorgrun
  6056 | Orc:1    | HP: 1/89 [Jorgrun/+0 vorpal quarterstaff (4)]
  6056 | Orc:1    | Slain by Jorgrun

Illustrated notes

Levels and vault maps discovered:
D:1:      zaba_arrival_water, layout_basic, nicolae_figureground_pulse
D:2:      layout_loops_ring
D:3:      layout_rooms, dreamdust_mushroom_princess
D:4:      layout_gridville, minmay_temple_entry_purple_smoke, serial_shops,
          nicolae_shop_hallway_plus
D:5:      layout_loops_ring, nzn_wu_jian_contemplation,
          cheibrodos_sewer_entry_bend, hangedman_abyss_or_decor_passed,
          uniq_edmund
D:6:      layout_layer_cave, lemuel_round_altar
D:7:      layout_loops_corners, grunt_decor_junction, minmay_three_doors
D:8:      layout_loops_ring, mainiacjoe_overflow_catwalk, serial_shops,
          nicolae_shop_waterfront, kennysheep_kite_vault
D:9:      layout_rooms, mainiacjoe_overflow_boulevard, orc_0_dummy
Orc:1:    hellmonk_paralyzer, layout_caves, special_room [special_room_orc],
          gammafunk_ghost_split, uniq_jorgrun, uniq_maurice

Skill      XL: |  1  2  3  4  5  6  7  8  9 10 |
---------------+-------------------------------+-----
Invocations    | 1 2 3 4 5 6 |  6.6
Short Blades   | 1 2 3 4 5 6 |  6.0
Long Blades    | 1 2 3 4 5 6 |  6.0
Axes           | 1 2 3 4 5 6 |  6.0
Polearms       | 1 2 3 4 5 6 |  6.0
Staves         | 1 2 3 4 5 6 |  6.0
Ranged Weapons | 1 2 3 4 5 6 |  6.0
Throwing       | 1 2 3 4 5 6 |  6.0
Dodging        | 1 2 3 4 5 6 |  6.0
Stealth        | 1 2 3 4 5 6 |  6.0
Unarmed Combat | 1 2 3 4 5 6 |  6.0
Spellcasting   | 1 2 3 4 5 6 |  6.0
Evocations     | 1 2 3 4 5 6 |  6.0
Conjurations   | 1 2 3 4 5 |  5.0
Hexes          | 1 2 3 4 5 |  5.0
Summonings     | 1 2 3 4 5 |  5.0
Necromancy     | 1 2 3 4 5 |  5.0
Translocations | 1 2 3 4 5 |  5.0
Transmutations | 1 2 3 4 5 |  5.0
Fire Magic     | 1 2 3 4 5 |  5.0
Ice Magic      | 1 2 3 4 5 |  5.0
Air Magic      | 1 2 3 4 5 |  5.0
Earth Magic    | 1 2 3 4 5 |  5.0
Poison Magic   | 1 2 3 4 5 |  5.0
Maces & Flails | 5 6 7 |  7.7
Fighting       | 7 8 9 |  9.0
Armour         | 7 8 9 |  9.0
Shields        | 7 8 9 |  9.0

Action                   |  1- 3 |  4- 6 |  7- 9 | 10-12 || total
-------------------------+-------+-------+-------+-------++-------
Melee: Flail             |    94 |       |       |       ||    94
       Bite              |     5 |    11 |    26 |    25 ||    67
       Spear             |     2 |    75 |   256 |   179 ||   512
Throw: Stone             |       |       |     3 |       ||     3
Evoke: Wand              |       |       |     7 |     2 ||     9
       Lightning rod     |       |       |       |     1 ||     1
  Use: Scroll            |     4 |     3 |     7 |     6 ||    20
       Potion            |     2 |     1 |    16 |     6 ||    25
 Stab: Invisible         |       |       |     8 |       ||     8
Armor: Scale mail        |    59 |     1 |       |       ||    60
       Chain mail        |       |    16 |    86 |   106 ||   208
Dodge: Dodged            |    67 |    12 |    95 |   121 ||   295
Block: Buckler           |    35 |     6 |    59 |    60 ||   160

Table legend: (Time is in decaauts)
 A = Elapsed time spent in this place.
 B = Non-inter-level travel time spent in this place.
 C = Inter-level travel time spent in this place.
 D = Time resting spent in this place.
 E = Time spent auto-exploring this place.
 F = Levels seen in this place.
 G = Mean time per level.
                   A        B        C        D        E       F      G
               +--------+--------+--------+--------+--------+-----+--------+
         Total |   6130 |   6130 |      0 |   1066 |      0 |  11 |  557.3 |
       Dungeon |   5729 |   5729 |      0 |   1066 |      0 |   9 |  636.6 |
  Orcish Mines |     48 |     48 |      0 |      0 |      0 |   1 |   48.0 |
         Sewer |    353 |    353 |      0 |      0 |      0 |   1 |  353.0 |
               +--------+--------+--------+--------+--------+-----+--------+

Top non-repeatable levels by time:
     D:8: 1610 daAuts
     D:7: 898 daAuts
     D:5: 815 daAuts
     D:1: 696 daAuts
     D:3: 482 daAuts
     D:2: 394 daAuts
   Sewer: 353 daAuts
     D:9: 324 daAuts
     D:6: 312 daAuts
     D:4: 193 daAuts
   Orc:1: 48 daAuts
